 Dungeon Crawl Stone Soup version 0.21-a0-404-g291f19a (webtiles) character file.

44 Mamutox the Grave Robber (level 3, -1/19 HPs)
             Began as a Deep Elf Necromancer on Oct 27, 2017.
             Slain by a worm (7 damage)
             ... on level 2 of the Dungeon.
             The game lasted 00:13:33 (1567 turns).

Mamutox the Grave Robber (Deep Elf Necromancer)     Turns: 1567, Time: 00:13:33

Health: -1/19      AC:  2    Str:  5    XL:     3   Next: 41%
Magic:  10/10      EV: 13    Int: 20    God:
Gold:   111        SH:  0    Dex: 15    Spells: 7/9 levels left

rFire    . . .     SeeInvis .   e - +0 mace (curse)
rCold    . . .     Gourm    .   (no shield)
rNeg     . . .     Faith    .   a - +0 robe
rPois    .         Spirit   .   (no helmet)
rElec    .         Reflect  .   (no cloak)
rCorr    .         Harm     .   (no gloves)
MR       +....                  (no boots)
Stlth    ++........             (no amulet)
HPRegen  0.06/turn              f - ring of protection from magic
MPRegen  0.12/turn              (no ring)

@: no status effects
A: no striking features
a: no special abilities


You were on level 2 of the Dungeon.
You were not hungry.

You visited 1 branch of the dungeon, and saw 2 of its levels.

You collected 111 gold pieces.

Inventory:

Hand Weapons
 e - a cursed +0 mace (weapon)
Armour
 a - a +0 robe (worn)
Jewellery
 f - a ring of protection from magic (left hand)
Scrolls
 d - 2 scrolls of identify
 g - a scroll of remove curse {unknown}
Potions
 h - a potion of haste {unknown}
 i - 3 potions of heal wounds
 k - a potion of agility {unknown}
 l - 2 potions of invisibility {unknown}
Books
 b - a book of Necromancy

   Spells                             Type                      Level
   a - Pain                           Necromancy                   1
   b - Animate Skeleton               Necromancy                   1
   c - Vampiric Draining              Necromancy                   3
   d - Regeneration                   Charms/Necromancy            3
   e - Animate Dead                   Necromancy                   4
   f - Control Undead                 Necromancy                   4
 n - a book of Misfortune

   Spells                             Type                      Level
   a - Confusing Touch                Hexes                        1
   b - Confuse                        Hexes                        3
   c - Gell's Gravitas                Translocation                3
   d - Petrify                        Transmutation/Earth          4
   e - Metabolic Englaciation         Hexes/Ice                    5
   f - Yara's Violent Unravelling     Hexes/Transmutation          5
Comestibles
 c - 3 bread rations
 j - 3 fruits
 m - a chunk of flesh


   Skills:
 + Level 0.1 Fighting
 + Level 2.6 Dodging
 + Level 2.5 Stealth
 + Level 3.5 Spellcasting
 + Level 5.8 Necromancy


You had 7 spell levels left.
You knew the following spells:

 Your Spells              Type           Power        Failure   Level  Hunger
a - Pain                  Necr           ####         1%          1    None
b - Animate Skeleton      Necr           N/A          1%          1    None


Dungeon Overview and Level Annotations

Branches:
Dungeon (2/15)

Altars:


Message History

Found a chain mail.
You see here a chain mail.
You swap places.
A worm comes into view.
You thump the worm!
The worm is moderately wounded.
You hit the worm.
The worm is severely wounded.
The worm barely misses you.
You barely miss the worm.
The worm is heavily wounded.
The worm bites you!
Ouch! That really hurt!
You hit the worm but do no damage.
The worm is heavily wounded.
The worm barely misses you.
You hit the worm.
The worm is severely wounded.
The worm bites you!
You die...

#...........# #[##
##.####...#.# #... #.#
#.###.###########
##.####.###.......<....
#.....#[##.........%..#
####....<#.##..P##P#.#...#
#........#.##.P.....P#....
#.##.....#.##.#....P.P....
# #....w@Z...#......#..[.
####.##.##.#.P....#...#
#.###.#?##.##.P..P.P.#...#
#.......##.##.#..........#
#####.#.##.##.P#P..##P..##
#.#.##.##...........#
#.#.##.######...###.#
#.#.##.# #...# #.#
#(#....# ###.# #.#


You could see a worm and a friendly bat skeleton.

Vanquished Creatures
  An adder (D:2)
  2 bats (D:2)
  5 giant cockroaches
  5 goblins
  5 hobgoblins (D:1)
  A quokka (D:2)
  4 kobolds (D:2)
  5 rats
28 creatures vanquished.

Vanquished Creatures (collateral kills)
  A kobold (D:2)
  A ball python (D:2)
  3 goblins (D:2)
5 creatures vanquished.

Grand Total: 33 creatures vanquished

Notes
Turn   | Place    | Note
-------+----------+-------------------------------------------
     0 | D:1      | Mamutox the Deep Elf Necromancer began the quest for the Orb.
     0 | D:1      | Reached XP level 1. HP: 10/10 MP: 6/6
     2 | D:1      | Learned a level 1 spell: Animate Skeleton
    55 | D:1      | Reached skill level 5 in Necromancy
   390 | D:1      | Reached XP level 2. HP: 13/15 MP: 5/8
  1197 | D:2      | Reached XP level 3. HP: 13/19 MP: 7/9
  1567 | D:2      | Slain by a worm

Vault maps used:
D:1:      shiori_arrival_oz
D:2:      cheibrodos_old_hovel, first_bread, uniq_crazy_yiuf_cottage

Skill      XL: |  1 |
---------------+----+-----
Necromancy     | 5 |  5.8
Fighting       | |  0.1
Dodging        | |  2.6
Stealth        | |  2.5
Spellcasting   | |  3.5

Action                   || total
-------------------------++-------
Melee: Mace              ||    20
 Cast: Pain              ||    36
       Animate Skeleton  ||     8
  Use: Scroll            ||     1
  Eat: Chunk             ||     2
Armor: Robe              ||     4
Dodge: Dodged            ||    20

Table legend:
 A = Spawn XP
 B = Non-spawn XP
 C = Spawn XP percentage of total XP
 D = Spawn monster count
 E = Non-spawn monster count
 F = Spawn count percentage of total count
 G = Total turns spent on level
                    A         B        C        D         E        F      G
               +---------+---------+-------+---------+---------+-------+---------
         Total |       0 |      64 |   0.0 |       0 |      33 |   0.0 |  1567
               +---------+---------+-------+---------+---------+-------+---------
           D:1 |       0 |      21 |   0.0 |       0 |      12 |   0.0 |   995
           D:2 |       0 |      43 |   0.0 |       0 |      21 |   0.0 |   572
               +---------+---------+-------+---------+---------+-------+---------
